 Dungeon Crawl Stone Soup version 0.19-a0-1401-g902f63d (webtiles) character file.

66 poirepourri the Skirmisher (level 4, 0/29 HPs)
             Began as a Gargoyle Chaos Knight on Sept 4, 2016.
             Slain by an adder (4 damage)
             ... on level 2 of the Dungeon.
             The game lasted 00:01:41 (1456 turns).

poirepourri the Skirmisher (Gargoyle Chaos Knight)  Turns: 1456, Time: 00:01:42

Health: 0/29       AC:  9    Str: 21    XL:     4   Next: 15%
Magic:  4/4        EV: 11    Int: 13    God:    Xom [.....*]
Gold:   111        SH:  0    Dex:  9    Spells: 0 memorised, 3 levels left

rFire  . . .     SeeInvis .     a - +1 mace (chaos)
rCold  . . .     Gourm    .     b - +2 leather armour
rNeg   + . .     Faith    .     (no shield)
rPois  ∞         Spirit   .     (no helmet)
rElec  +         Dismiss  .     (no cloak)
rCorr  .         Reflect  .     (no gloves)
MR     .....     Harm     .     n - +0 pair of boots
Stlth  +.........               (no amulet)
                                (no ring)
                                (no ring)

@: mighty
A: negative energy resistance 1, electricity resistance, unbreathing,
petrification resistance, rot immunity, AC +3
a: Renounce Religion


You were on level 2 of the Dungeon.
You worshipped Xom.
You were Xom's teddy bear.
You were not hungry.

You visited 1 branch of the dungeon, and saw 2 of its levels.

You collected 111 gold pieces.

Inventory:

Hand Weapons
 a - a +1 mace of chaos (weapon)
Armour
 b - a +2 leather armour (worn)
 n - a +0 pair of boots (worn)
Jewellery
 j - an uncursed amulet of harm {unknown}
Scrolls
 g - a scroll of noise {unknown}
 k - 2 scrolls of remove curse {unknown}
 l - a scroll of fog
Potions
 d - a potion of heal wounds {unknown}
 e - a potion of berserk rage {unknown}
 f - 2 potions of degeneration
 h - a potion of might
 i - a potion of invisibility {unknown}
Comestibles
 c - 3 bread rations


   Skills:
 + Level 4.2 Fighting
 + Level 3.8 Maces & Flails
 - Level 2.1 Armour
 + Level 1.5 Dodging


You had 3 spell levels left.
You didn't know any spells.

Dungeon Overview and Level Annotations

Branches:
Dungeon (2/15)

Altars:
Fedhas
Kikubaaqudgha
The Shining One


Innate Abilities, Weirdness & Mutations

You are resistant to torment.
Your stone body is resilient. (AC +3)
You are immune to poison.
You resist negative energy. (rN+)
You are resistant to electric shocks. (rElec)
You can survive without breathing.
You are immune to petrification.
You are immune to rotting.


Message History

You see here a purple potion.
You miss the adder. The adder closely misses you.
You closely miss the adder. The adder barely misses you. The adder bites you.
* * * LOW HITPOINT WARNING * * *
You miss the adder. The adder bites you but does no damage.
You closely miss the adder. The adder closely misses you. The adder misses you.
You closely miss the adder.
The adder bites you but does no damage. x2
You closely miss the adder. The adder closely misses you.
You closely miss the adder. The adder barely misses you.
The adder closely misses you.
An adder is nearby!
It was a potion of might.
You feel very mighty all of a sudden.
Xom roars with laughter!
The adder bites you but does no damage.
You sock the adder!
The adder is almost dead.
The adder bites you.
You die... "Boring in life, boring in death..."

..........+...
..........##.#
..###.....##.#
...##.###.##.# .#.##.#
#.##.# .#.##.#
#.##.####### .#.##.#
#...........
.#.##.######.########...
.#..#.#<......?S@.....#
#######
.##.#.######.#######..#..
#.).... .'....# #.# ..S
#.##### .##...# #.# #.#
#.# ###...# #.# #.# #.#
......# #.# #.# #.#
....#.# #.# #.###.####
....#.## #.# #........#
....#..#####.#######
#........#


You could see an adder.

Vanquished Creatures
  2 adders (D:2)
  An ooze (D:1)
  2 worms (D:2)
  3 dart slugs
  A giant gecko (D:1)
  2 bats
  A giant cockroach (D:2)
  3 goblins (D:1)
  3 hobgoblins
  3 kobolds
  2 quokkas (D:2)
  3 giant newts
  6 rats
32 creatures vanquished.

Vanquished Creatures (others)
  A bat (D:2)
1 creature vanquished.

Grand Total: 33 creatures vanquished

Notes
Turn   | Place    | Note
-------+----------+-------------------------------------------
     0 | D:1      | poirepourri the Gargoyle Chaos Knight began the quest for the Orb.
     0 | D:1      | Reached XP level 1. HP: 14/14 MP: 1/1
    37 | D:1      | Reached XP level 2. HP: 10/20 MP: 2/2
   576 | D:1      | Found a glowing golden altar of the Shining One.
   692 | D:1      | Reached XP level 3. HP: 24/24 MP: 3/3
   864 | D:1      | XOM: noise
   944 | D:1      | XOM is BORED!
   991 | D:2      | Reached skill level 4 in Fighting
  1015 | D:2      | XOM: smoke on damage
  1038 | D:2      | XOM: scenery: 1 doors open
  1052 | D:2      | Reached skill level 1 in Dodging
  1062 | D:2      | Found a blossoming altar of Fedhas.
  1065 | D:2      | Found an ancient bone altar of Kikubaaqudgha.
  1260 | D:2      | XOM: 10-stop teleportation journey
  1397 | D:2      | Reached XP level 4. HP: 14/29 MP: 4/4
  1456 | D:2      | Slain by an adder

Vault maps used:
D:1:      dpeg_arrival_boxes_within_box, tso_metal_star
D:2:      grunt_temple_overflow_growth_and_decay

Skill      XL: |  1  2  3 |
---------------+----------+-----
Fighting       | 4 |  4.2
Dodging        | 1 |  1.5
Maces & Flails | |  3.8
Armour         | |  2.1

Action                   |  1- 3 |  4- 6 || total
-------------------------+-------+-------++-------
Melee: Mace              |    89 |    14 ||   103
  Use: Scroll            |     5 |       ||     5
       Potion            |       |     1 ||     1
  Eat: Fruit             |     3 |       ||     3
Armor: Leather armour    |    38 |     7 ||    45
Dodge: Dodged            |    53 |    15 ||    68
